 Dungeon Crawl Stone Soup version 0.21-a0-400-g417d9d2 (webtiles) character file.

13270 tof the Cleaver (level 11, -1/102 HPs)
             Began as a Minotaur Monk on Oct 20, 2017.
             Was a High Priest of Uskayaw.
             Slain by a 17-headed hydra (3 damage)
             ... on level 1 of the Lair of Beasts.
             The game lasted 00:25:07 (10666 turns).

tof the Cleaver (Minotaur Monk)                    Turns: 10666, Time: 00:25:08

Health: -1/102     AC: 18    Str: 18    XL:     11   Next: 73%
Magic:  15/15      EV:  7    Int:  9    God:    Uskayaw [*****.]
Gold:   729        SH:  0    Dex: 14    Spells: 10/10 levels left

rFire    . . .     SeeInvis .   a - +0 hand axe (pain)
rCold    x . .     Gourm    .   (no shield)
rNeg     . . .     Faith    .   Q - +0 plate armour
rPois    +         Spirit   .   (helmet restricted)
rElec    .         Reflect  .   H - +4 cloak of Kyhuput {rC- Slay+5}
rCorr    .         Harm     .   J - +0 pair of gloves
MR       +....                  z - +0 pair of boots
Stlth    ..........             k - amulet of regeneration
HPRegen  0.67/turn              V - ring of protection from magic
MPRegen  0.14/turn              S - ring of wizardry

@: no status effects
A: retaliatory headbutt, horns 2, clever 1, deformed body, mutation resistance
1, poison resistance, wild magic 1
a: Stomp, Line Pass, Grand Finale, Renounce Religion


You were on level 1 of the Lair of Beasts.
You worshipped Uskayaw.
Uskayaw was noncommittal.
You were not hungry.

You visited 3 branches of the dungeon, and saw 14 of its levels.
You also visited: Ossuary.

You collected 729 gold pieces.

Inventory:

Hand Weapons
 a - a +0 hand axe of pain (weapon)
 b - a +0 blowgun
 R - a +1 hand axe
Missiles
 A - 9 tomahawks (quivered)
 F - 94 poisoned needles
 O - 8 javelins of returning
Armour
 z - a +0 pair of boots (worn)
 H - the +4 cloak of Kyhuput (worn) {rC- Slay+5}
   (You found it on level 4 of the Dungeon)

   It affects your accuracy and damage with ranged weapons and melee attacks
   (+5).
   It makes you vulnerable to cold.
 J - a +0 pair of gloves (worn)
 Q - a +0 plate armour (worn)
 T - a scarf of cloud immunity
Jewellery
 k - an amulet of regeneration (around neck)
 S - a ring of wizardry (right hand)
 V - a ring of protection from magic (left hand)
Wands
 f - a wand of acid (7/15)
 g - a wand of enslavement (5/24)
 o - a wand of polymorph (19/24)
 s - a wand of lightning (8/15)
 t - a wand of confusion (23/48)
 K - a wand of iceblast (6/15)
 L - a wand of random effects (17/48)
Scrolls
 d - 2 scrolls of blinking
 p - 3 scrolls of enchant weapon
 u - 2 scrolls of amnesia
 w - 5 scrolls of magic mapping
 y - 2 scrolls of fog
 D - 9 scrolls of teleportation
 N - 3 scrolls of enchant armour {unknown}
 U - 4 scrolls of fear
 W - a scroll of remove curse
Potions
 e - a potion of mutation {unknown}
 h - 5 potions of resistance {unknown}
 i - 2 potions of brilliance {unknown}
 j - 3 potions of haste {unknown}
 l - 4 potions of degeneration {unknown}
 m - 3 potions of flight {unknown}
 n - 2 potions of might {unknown}
 q - 6 potions of heal wounds {unknown}
 r - 4 potions of magic {unknown}
 x - a potion of berserk rage {unknown}
 B - 2 potions of ambrosia {unknown}
 G - 6 potions of curing {unknown}
 M - a potion of agility {unknown}
 P - 3 potions of invisibility {unknown}
Comestibles
 c - a bread ration
 v - 10 royal jellies
 C - a chunk of flesh
 E - 3 fruits
 I - 2 meat rations


   Skills:
 + Level 11.0 Fighting
 * Level 14.5 Axes
 + Level 10.4 Armour
 - Level 3.2 Dodging
 - Level 1.5 Stealth
 + Level 7.4 Invocations


You had 10 spell levels left.
You didn't know any spells.

Dungeon Overview and Level Annotations

Branches:
Dungeon (12/15)            Temple (1/1) D:4            Lair (1/6) D:11
    Orc (0/2) D:11

Altars:
Cheibriados
Dithmenos
Elyvilon
Fedhas
Gozag
Kikubaaqudgha
Makhleb
Nemelex Xobeh
Okawaru
Qazlal
Ru
Sif Muna
Trog
Uskayaw
Xom
The Shining One

Shops:
D:4 (


Innate Abilities, Weirdness & Mutations

You reflexively headbutt those who attack you in melee.
You have a pair of horns on your head.
Your mind is acute. (Int +2)
Armour fits poorly on your strangely shaped body.
You are somewhat resistant to further mutation.
Your system is resistant to poisons. (rPois)
Your spells are a little harder to cast, but a little more powerful.


Message History

The 16-headed hydra bites you.
* * * LOW HITPOINT WARNING * * *
The 16-headed hydra bites you but does no damage. x2
You slice one of the 16-headed hydra's heads off!
The 15-headed hydra grows two more!
You hit the 17-headed hydra.
The 17-headed hydra is heavily wounded.
You barely miss the 17-headed hydra. You headbutt the 17-headed hydra.
The 17-headed hydra is heavily wounded.
The 17-headed hydra bites you but does no damage.
The 17-headed hydra bites you.
* * * LOW HITPOINT WARNING * * *
The 17-headed hydra bites you but does no damage. x4
The 17-headed hydra completely misses you.
The 17-headed hydra bites you but does no damage.
The 17-headed hydra barely misses you.
The 17-headed hydra bites you but does no damage. x2
The 17-headed hydra barely misses you.
The 17-headed hydra bites you but does no damage.
The 17-headed hydra bites you.
You die...

### # ####P#### #.##.
###.......#
......######..+.♣.♣.♣♣♣
......D@.....##.......#
......##.####.#.♣.....♣#
..... ### ###........#
.... #.♣.....♣# #+#
#......... #.♣.♣.♣#♣#
##♣...# # ..#.# .......


You could see a 17-headed hydra.

Vanquished Creatures
  Josephine (D:11)
  A two-headed ogre (D:9)
  A manticore (D:12)
  A cyclops (D:8)
  A centaur skeleton (D:11)
  A queen bee (D:10)
  2 trolls (D:9)
  Grinder (D:3)
  3 hippogriffs
  A shadow (D:11)
  Sigmund (D:2)
  A vampire (D:11)
  5 yaks (D:6)
  3 wraiths (D:11)
  A wyvern (D:11)
  Edmund (D:6)
  A two-headed ogre zombie (D:11)
  A porcupine (Lair:1)
  2 hell hounds (D:11)
  3 ice beasts
  5 orc warriors
  4 sky beasts
  7 phantoms
  7 ogres
  5 centaurs
  4 big kobolds (D:8)
  Blork the orc (D:6)
  9 bullfrogs
  3 elf zombies (Ossuary)
  A wyvern zombie (D:10)
  3 scorpions
  12 killer bees (D:10)
  4 wights (D:9)
  2 howler monkeys (D:6)
  3 crimson imps
  2 bullfrog zombies
  A quasit (D:7)
  7 orc priests
  8 hounds
  6 centaur zombies
  Crazy Yiuf (D:7)
  3 bullfrog skeletons
  Terence (D:3)
  9 worker ants
  Natasha (thrice) (D:2)
  13 orc wizards
  7 ogre zombies (D:11)
  A hound zombie (D:11)
  2 hound skeletons
  2 mummies (Ossuary)
  10 adders
  An ooze (D:4)
  An adder zombie (Ossuary)
  2 adder skeletons
  3 worms
  4 dart slugs
  5 leopard geckos
  46 orcs
  5 bats
  4 giant cockroaches
  12 goblins
  3 hobgoblins
  12 jackals
  2 quokkas
  3 frilled lizards
  3 goblin skeletons (D:11)
  6 goblin zombies
  2 hobgoblin skeletons (D:11)
  9 hobgoblin zombies
  A jackal zombie (Ossuary)
  22 kobolds
  10 kobold zombies (Ossuary)
  5 orc skeletons (D:11)
  17 orc zombies
  2 quokka skeletons
  2 quokka zombies
  11 rats
  A rat zombie (Ossuary)
372 creatures vanquished.

Vanquished Creatures (others)
  An orc wizard (D:9)
  A fungus (Lair:1)
  A plant (Lair:1)
3 creatures vanquished.

Grand Total: 375 creatures vanquished

Notes
Turn   | Place    | Note
-------+----------+-------------------------------------------
     0 | D:1      | tof the Minotaur Monk began the quest for the Orb.
     0 | D:1      | Reached XP level 1. HP: 19/19 MP: 0/0
   136 | D:1      | Reached skill level 4 in Axes
   219 | D:1      | Reached XP level 2. HP: 27/27 MP: 1/1
   251 | D:1      | Reached skill level 1 in Armour
   515 | D:1      | Reached XP level 3. HP: 33/33 MP: 2/2
   912 | D:2      | Noticed Natasha
   918 | D:2      | Killed Natasha
   918 | D:2      | Reached skill level 5 in Axes
   918 | D:2      | Reached XP level 4. HP: 37/41 MP: 3/3
  1077 | D:2      | Noticed Natasha
  1088 | D:2      | Killed Natasha
  1286 | D:2      | Noticed Sigmund
  1294 | D:2      | Killed Sigmund
  1294 | D:2      | Reached skill level 5 in Fighting
  1294 | D:2      | Reached skill level 6 in Axes
  1294 | D:2      | Reached XP level 5. HP: 48/48 MP: 4/4
  1294 | D:2      | Reached XP level 6. HP: 56/56 MP: 5/5
  1469 | D:2      | Found a glowing golden altar of the Shining One.
  1511 | D:2      | Noticed Natasha
  1536 | D:2      | Killed Natasha
  1707 | D:3      | Found a faded altar of an unknown god.
  1908 | D:3      | Found a stormy altar of Qazlal.
  1908 | D:3      | Noticed Terence
  1915 | D:3      | Killed Terence
  2394 | D:3      | Noticed Grinder
  2408 | D:3      | Paralysed by Grinder for 3 turns
  2415 | D:3      | Paralysed by Grinder for 2 turns
  2418 | D:3      | Killed Grinder
  2418 | D:3      | Reached skill level 7 in Axes
  2418 | D:3      | Reached XP level 7. HP: 42/62 MP: 6/6
  2541 | D:4      | Found a burning altar of Makhleb.
  2578 | D:4      | Found a deep blue altar of Sif Muna.
  2820 | D:4      | Got a faintly glowing cloak
  2826 | D:4      | Identified the +4 cloak of Kyhuput {rC- Slay+5} (You found it on level 4 of the Dungeon)
  2854 | D:4      | Found a staircase to the Ecumenical Temple.
  2863 | Temple   | Entered the Ecumenical Temple
  2886 | Temple   | Became a worshipper of Uskayaw the Reveler
  2886 | Temple   | Reached * piety under Uskayaw
  2958 | D:4      | Reached skill level 8 in Axes
  2958 | D:4      | Reached ** piety under Uskayaw
  2981 | D:4      | Found Hero's Antique Weapon Shoppe.
  3081 | D:4      | Found a shadowy altar of Dithmenos.
  3814 | D:5      | Entered Level 5 of the Dungeon
  3837 | D:5      | Reached skill level 5 in Armour
  3857 | D:5      | Reached XP level 8. HP: 34/71 MP: 7/7
  4090 | D:5      | Reached *** piety under Uskayaw
  4093 | D:5      | Reached skill level 9 in Axes
  4093 | D:5      | Reached skill level 1 in Invocations
  4095 | D:5      | Reached **** piety under Uskayaw
  4876 | D:6      | Noticed Blork the orc
  4879 | D:6      | Reached skill level 10 in Axes
  4885 | D:6      | Killed Blork the orc
  4885 | D:6      | Reached XP level 9. HP: 40/80 MP: 8/10
  5028 | D:6      | Found a sacrificial altar of Ru.
  5049 | D:6      | Found a sparkling altar of Nemelex Xobeh.
  5200 | D:6      | Noticed Edmund
  5208 | D:6      | Killed Edmund
  5555 | D:7      | Reached skill level 11 in Axes
  5685 | D:7      | HP: 2/82 [ice beast (9)]
  5837 | D:7      | Reached ***** piety under Uskayaw
  5979 | D:7      | Found a runed door.
  5983 | D:7      | Noticed Crazy Yiuf
  5990 | D:7      | Killed Crazy Yiuf
  6123 | D:7      | Gained mutation: Your spells are a little harder to cast, but a little more powerful. [mutagenic meat]
  6124 | D:7      | Gained mutation: Your mind is acute. (Int +2) [mutagenic meat]
  6125 | D:7      | Gained mutation: Armour fits poorly on your strangely shaped body. [mutagenic meat]
  6126 | D:7      | Gained mutation: You are somewhat resistant to further mutation. [mutagenic meat]
  6136 | D:7      | Reached XP level 10. HP: 67/90 MP: 12/12
  6440 | D:7      | Noticed a moth of wrath
  6444 | D:7      | Found a bloodstained altar of Trog.
  6525 | D:8      | Found a sand-covered staircase.
  6534 | Ossuary  | Entered an ossuary
  6656 | Ossuary  | Reached skill level 12 in Axes
  6657 | Ossuary  | Reached skill level 5 in Invocations
  6925 | D:8      | Noticed a cyclops
  6934 | D:8      | Killed a cyclops
  7029 | D:8      | Found a blossoming altar of Fedhas.
  7070 | D:8      | Found an iron altar of Okawaru.
  7084 | D:8      | Reached ****** piety under Uskayaw
  7422 | D:8      | Gained mutation: Your system is resistant to poisons. (rPois) [mutagenic meat]
  7863 | D:9      | Reached skill level 13 in Axes
  8106 | D:9      | Noticed a two-headed ogre
  8115 | D:9      | Killed a two-headed ogre
  8115 | D:9      | Reached skill level 10 in Fighting
  8212 | D:9      | Reached XP level 11. HP: 63/99 MP: 14/14
  8558 | D:10     | Entered Level 10 of the Dungeon
  9497 | D:11     | Found a staircase to the Lair.
  9581 | D:11     | Noticed Josephine
  9591 | D:11     | Killed Josephine
  9602 | D:11     | Reached skill level 14 in Axes
  9606 | D:11     | Reached skill level 10 in Armour
  9845 | D:11     | Found a staircase to the Orcish Mines.
 10460 | Lair:1   | Entered Level 1 of the Lair of Beasts
 10650 | Lair:1   | Noticed a six-headed hydra
 10664 | Lair:1   | HP: 5/102 [16-headed hydra (1)]
 10666 | Lair:1   | HP: 2/102 [17-headed hydra (3)]
 10666 | Lair:1   | Slain by a 17-headed hydra

Vault maps used:
D:1:      tarquinn_simple_flora_water_d
D:2:      nicolae_tso_swordbearing_angel, uniq_natasha, uniq_sigmund
D:3:      nicolae_overflow_crystal_walls, first_bread,
          chequers_ecumenical_altar_simple, roderic_roman_lattice,
          minmay_close_crescents, uniq_terence, uniq_grinder
D:4:      corexii_shack_village, overflow_temple_1_default,
          kennysheep_little_box, led_sif_pool, minmay_temple_entry_trees,
          serial_shops, shop, minmay_misc_feat_tiny, lemuel_flame_loot_1
D:6:      kennysheep_mini, overflow_temple_1_default, uniq_edmund,
          uniq_blork_the_orc
D:7:      tgw_trog, uniq_crazy_yiuf_cottage
D:8:      okawaru_ov_weapons_minmay, fedhas_bush_and_centaur_altar,
          nicolae_ossuary_entry_ruins
D:10:     david_nohive_1
D:11:     minmay_lair_entry_lava, zombieorc2_lemuel, uniq_josephine
D:12:     basic_altar, portal_ice_cave_entry_animals_and_master, uniq_maurice
Temple:   nicolae_temple_hex_pool
Lair:1:   serial_forest, infiniplex_forest_end_1, infiniplex_forest_lined_3,
          infiniplex_forest_clump_large, infiniplex_forest_lined_room_2,
          infiniplex_forest_end_2, infiniplex_forest_zigzag_2,
          serial_bayou_lagoon_a
Ossuary:  ossuary_tomb_1

Skill      XL: |  1  2  3  4  5  6  7  8  9 10 11 |
---------------+----------------------------------+-----
Axes           | 4 5 6 7 8 10 11 13 14 | 14.5
Armour         | 1 2 3 4 5 6 8 9 10 | 10.4
Fighting       | 4 5 6 7 8 10 11 | 11.0
Invocations    | 3 4 6 7 |  7.4
Dodging        | |  3.2
Stealth        | |  1.5

Action                   |  1- 3 |  4- 6 |  7- 9 | 10-12 || total
-------------------------+-------+-------+-------+-------++-------
Melee: Hand axe          |    69 |    83 |    97 |   547 ||   796
       Headbutt          |    12 |    13 |    43 |   137 ||   205
       Unarmed           |       |    25 |       |       ||    25
       Battleaxe         |       |       |   124 |       ||   124
 Fire: Blowgun           |       |       |     1 |       ||     1
Throw: Tomahawk          |       |     2 |     2 |       ||     4
  Use: Scroll            |       |       |    10 |     5 ||    15
 Stab: Sleeping          |     1 |       |       |       ||     1
       Paralysed         |       |       |    13 |    43 ||    56
  Eat: Chunk             |       |     5 |    16 |    12 ||    33
       Bread ration      |       |       |       |     2 ||     2
Armor: Leather armour    |     9 |     9 |    49 |       ||    67
       Plate armour      |       |       |    12 |   347 ||   359
Dodge: Dodged            |    63 |    81 |   112 |   155 ||   411

Table legend:
 A = Spawn XP
 B = Non-spawn XP
 C = Spawn XP percentage of total XP
 D = Spawn monster count
 E = Non-spawn monster count
 F = Spawn count percentage of total count
 G = Total turns spent on level
                    A         B        C        D         E        F      G
               +---------+---------+-------+---------+---------+-------+---------
         Total |       0 |   18958 |   0.0 |       0 |     373 |   0.0 | 10666
               +---------+---------+-------+---------+---------+-------+---------
           D:1 |       0 |      45 |   0.0 |       0 |      21 |   0.0 |   818
           D:2 |       0 |     414 |   0.0 |       0 |      25 |   0.0 |   877
           D:3 |       0 |     358 |   0.0 |       0 |      26 |   0.0 |   842
           D:4 |       0 |     354 |   0.0 |       0 |      20 |   0.0 |  1230
           D:5 |       0 |     712 |   0.0 |       0 |      14 |   0.0 |   932
           D:6 |       0 |    2007 |   0.0 |       0 |      26 |   0.0 |   801
           D:7 |       0 |    2008 |   0.0 |       0 |      38 |   0.0 |   972
           D:8 |       0 |    2164 |   0.0 |       0 |      34 |   0.0 |   834
           D:9 |       0 |    2853 |   0.0 |       0 |      32 |   0.0 |   972
          D:10 |       0 |    1806 |   0.0 |       0 |      26 |   0.0 |   885
          D:11 |       0 |    4625 |   0.0 |       0 |      61 |   0.0 |   871
          D:12 |       0 |     936 |   0.0 |       0 |      10 |   0.0 |   146
        Lair:1 |       0 |     143 |   0.0 |       0 |       1 |   0.0 |   206
       Ossuary |       0 |     533 |   0.0 |       0 |      39 |   0.0 |   233
               +---------+---------+-------+---------+---------+-------+---------
